AoeStats
← Zane

Arabian Desert

510275306Analyzed
1v1 RM · 2d ago on Sep 30, 2026· 14m 41s· 2 players
Game mode
Random Map
Map size
Tiny (2 player)
Population
200
Speed
Normal
Resources
Standard
Victory
Conquest
Starting age
Dark Age
Ending age
Imperial Age
RankedLock teamsTeams togetherTeam positionsShared explorationLock speedFull tech treeHidden civsTurbo modeCheats
Victory
Defeat
🇨🇳 Magyars · China
1777
+17
🇩🇪 Vietnamese · Germany
1803
-17
Zane
6:32 Loom
9:08 Feudal Age
9:41 Double-Bit Axe
Pummeluff
9:46 Feudal Age
8:40 Loom
10:14 Double-Bit Axe
10:09 Horse Collar
14:27 Wheelbarrow
Connection lost

Rejoining the realm…

Still unreachable

The connection could not be restored.

Session expired

The server has moved on; the page needs a fresh start.